 Dungeon Crawl Stone Soup version 0.26-a0-598-g61e6210cf4 (webtiles) character file.

Game seed: 6542563245607390698

355 ANON1729 the Ducker (level 6, -1/32 HPs)
             Began as a Spriggan Warper on Aug 27, 2020.
             Was a Follower of Qazlal.
             Killed from afar by an orc wizard (9 damage)
             ... with a magic dart
             ... on level 4 of the Dungeon.
             The game lasted 00:09:24 (4881 turns).

ANON1729 the Ducker (Spriggan Warper)               Turns: 4881, Time: 00:09:25

Health: -1/32      AC:  3    Str:  9    XL:     6   Next: 36%
Magic:  13/13      EV: 21    Int: 15    God:    Qazlal [*.....]
Gold:   115        SH:  1    Dex: 15    Spells: 13/13 levels left

rFire    . . .     SeeInvis +   j - +1 dagger (flame)
rCold    . . .     Faith    .   (shield restricted)
rNeg     . . .     Spirit   .   b - +0 robe
rPois    .         Reflect  .   (helmet restricted)
rElec    .         Harm     .   i - +0 cloak
rCorr    .                      (gloves unavailable)
MR       +....                  (boots unavailable)
Stlth    +.........             (no amulet)
HPRegen  0.10/turn              (no ring)
MPRegen  0.13/turn              (no ring)

@: very quick
A: very small, unfitting armour, see invisible, speed 3
a: Renounce Religion


You were on level 4 of the Dungeon.
You worshipped Qazlal.
Qazlal was aware of your devotion.
You visited 1 branch of the dungeon, and saw 4 of its levels.

You collected 115 gold pieces.

Inventory:

Hand Weapons
 a - a +0 short sword
 g - a cursed -2 shortbow
 j - a +1 dagger of flaming (weapon)
Missiles
 e - 37 arrows
 h - 82 stones (quivered)
Armour
 b - a +0 robe (worn)
 i - a +0 cloak (worn)
Jewellery
 m - an uncursed ring of positive energy {unknown}
Scrolls
 c - 3 scrolls of identify
 d - a scroll of blinking
 k - 3 scrolls of remove curse
 l - a scroll of fog
 o - a scroll of immolation
Potions
 f - a potion of brilliance
 n - a potion of curing


   Skills:
 + Level 2.9 Fighting
 + Level 3.9 Short Blades
 * Level 1.9 Bows
 - Level 1.0 Throwing
 + Level 5.6 Dodging
 + Level 4.4 Spellcasting
   Level 4.4 Translocations
 * Level 1.2 Invocations


You had 13 spell levels left.
You didn't know any spells.
Your spell library contained the following spells:

 Spells                   Type           Power        Failure   Level
 Blink                    Tloc           N/A          4%          2
 Gell's Gravitas          Tloc           ###.......   9%          3
 Lesser Beckoning         Tloc           ###.......   9%          3
 Teleport Other           Tloc           ###.....     9%          3
 Passage of Golubria      Tloc           N/A          28%         4


Dungeon Overview and Level Annotations

Branches:
Dungeon (4/15)
 Temple: D:4-7

Altars:
Elyvilon
Qazlal


Innate Abilities, Weirdness & Mutations

You are very small and have problems with some larger weapons.
You are too small for most types of armour.
You have supernaturally acute eyesight. (SInv)
You cover ground extremely quickly.


Message History

The orc wizard is heavily wounded.
You closely miss the orc wizard.
The orc wizard is heavily wounded.
The orc wizard points at you and mumbles some strange words.
The magic dart hits you. The gnoll completely misses you.
You hit the orc wizard. You burn the orc wizard.
The orc wizard is severely wounded.
The gnoll hits you but does no damage. The orc wizard misses you.
You hit the orc wizard but do no damage.
The orc wizard is severely wounded.
The orc wizard completely misses you. The gnoll completely misses you.
You hit the orc wizard but do no damage.
The orc wizard is severely wounded.
The gnoll hits you from afar with a +0 spear.
The orc wizard hits you with a +0 dagger.
* * * LOW HITPOINT WARNING * * *
You are too injured to fight recklessly!
The orc wizard gestures at you while chanting.
The magic dart hits you!
You die...

..#######.#
#g# #g# .#.
#g# .#. #)#
..## #o# #..#
#.# #..# #.#
# #..# #@#
#.##..####.#
#..........#
####..######
#..#
#######..#
#.o......#
####.####...#
............#


You could see an orc wizard and 3 gnolls.

Vanquished Creatures
  A phantom (D:3)
  A centaur (D:2)
  An orc wizard (D:4)
  Jessica (D:2)
  Robin (D:2)
  2 adders (D:3)
  2 oozes
  2 dart slugs
  A worm (D:3)
  A leopard gecko (D:1)
  7 orcs
  A ball python (D:1)
  6 giant cockroaches
  18 goblins
  10 hobgoblins
  4 jackals (D:1)
  2 quokkas
  6 bats
  9 frilled lizards
  4 kobolds
  9 rats
89 creatures vanquished.

Notes
Turn   | Place    | Note
-------+----------+-------------------------------------------
     0 | D:1      | ANON1729 the Spriggan Warper began the quest for the Orb.
     0 | D:1      | Reached XP level 1. HP: 10/10 MP: 5/5
   771 | D:1      | Reached XP level 2. HP: 14/15 MP: 6/6
   900 | D:1      | Reached skill level 4 in Dodging
  1028 | D:1      | Reached XP level 3. HP: 17/18 MP: 8/8
  1574 | D:2      | Noticed Jessica
  1585 | D:2      | Killed Jessica
  1585 | D:2      | Reached XP level 4. HP: 14/23 MP: 8/10
  1795 | D:2      | Noticed Robin
  1880 | D:2      | HP: 1/34 [frilled lizard (1)]
  1884 | D:2      | Killed Robin
  2372 | D:2      | Found a stormy altar of Qazlal.
  2487 | D:2      | Noticed a centaur
  2521 | D:2      | Killed a centaur
  2521 | D:2      | Reached skill level 5 in Dodging
  2521 | D:2      | Reached XP level 5. HP: 6/27 MP: 10/12
  2987 | D:2      | Became a worshipper of Qazlal Stormbringer
  3178 | D:3      | Found a white marble altar of Elyvilon.
  3625 | D:3      | Noticed a phantom
  3878 | D:3      | Killed a phantom
  3878 | D:3      | Reached skill level 1 in Bows
  3878 | D:3      | Reached XP level 6. HP: 29/32 MP: 13/13
  3971 | D:3      | Reached skill level 1 in Invocations
  4501 | D:4      | Reached * piety under Qazlal
  4881 | D:4      | Killed from afar by an orc wizard

Illustrated notes

Levels and vault maps discovered:
D:1:      saegor_arrival_simple_b, layout_basic, minmay_lizard_king
D:2:      layout_rooms, grunt_qazlal_clouds, uniq_jessica, uniq_robin
D:3:      layout_loops_ring, lemuel_doored_altar, minmay_misc_feat_chi
D:4:      layout_loops_ring, minmay_overflow_temple_star_quad, xom_butterflies,
          minmay_temple_entry_statues_pillars, minmay_misc_feat_square

Skill      XL: |  1  2  3  4  5  6 |
---------------+-------------------+-----
Spellcasting   | 3 4 |  4.4
Dodging        | 4 5 |  5.6
Fighting       | 2 |  2.9
Short Blades   | 3 |  3.9
Bows           | 1 |  1.9
Invocations    | 1 |  1.2
Throwing       | |  1.0
Translocations | |  4.4

Action                   |  1- 3 |  4- 6 || total
-------------------------+-------+-------++-------
Melee: Short sword       |   123 |   284 ||   407
       Dagger            |       |    11 ||    11
Throw: Boomerang         |       |     5 ||     5
       Stone             |       |     2 ||     2
Evoke: Wand              |       |     9 ||     9
  Use: Potion            |       |     5 ||     5
       Scroll            |       |     5 ||     5
 Stab: Sleeping          |     1 |     2 ||     3
Armor: Robe              |     9 |    28 ||    37
       Skin              |       |    20 ||    20
Dodge: Dodged            |   104 |   234 ||   338
Block: Other             |       |     1 ||     1

Table legend: (Time is in decaauts)
 A = Elapsed time spent in this place.
 B = Non-inter-level travel time spent in this place.
 C = Inter-level travel time spent in this place.
 D = Time resting spent in this place.
 E = Time spent auto-exploring this place.
 F = Levels seen in this place.
 G = Mean time per level.
                   A        B        C        D        E       F      G
               +--------+--------+--------+--------+--------+-----+--------+
         Total |   3895 |   3743 |    152 |   1890 |   1023 |   4 |  973.8 |
       Dungeon |   3895 |   3743 |    152 |   1890 |   1023 |   4 |  973.8 |
               +--------+--------+--------+--------+--------+-----+--------+

Top non-repeatable levels by time:
     D:3: 1342 daAuts
     D:1: 1259 daAuts
     D:2: 1183 daAuts
     D:4: 110 daAuts
